 Dungeon Crawl Stone Soup version 0.29.0-13-gc9e81de378 (webtiles) character file.

Game seed: 2338519617499061151

11 Ofeo the Firebug (level 2, 20/20 HPs)
             Began as a Meteoran Fire Elementalist on Sept 9, 2022.
             Quit the game on level 1 of the Dungeon.
             The game lasted 00:01:06 (163 turns).

Ofeo the Firebug (Meteoran Fire Elementalist)        Turns: 163, Time: 00:01:07

Health: 20/20      AC:  2    Str:  9    XL:     2   Next: 52%
Magic:  5/6        EV: 12    Int: 16    God:
Gold:   4          SH:  0    Dex: 14    Spells: 5/6 levels left

rFire   . . .      SeeInvis .   (no weapon)
rCold   . . .      Faith    .   (no shield)
rNeg    . . .      Spirit   .   a - +0 robe
rPois   .          Reflect  .   (no helmet)
rElec   .          Harm     .   (no cloak)
rCorr   .          Rampage  .   (no gloves)
Will    .....                   (no boots)
Stlth   +.........              (no amulet)
HPRegen 0.06/turn               (no ring)
MPRegen 0.10/turn               (no ring)

@: glowing
A: sense surroundings 1, otherworldly, glowing, explore regen
a: no special abilities


You were on level 1 of the Dungeon.
You visited 1 branch of the dungeon, and saw 1 of its levels.

You collected 4 gold pieces.

Inventory:

Armour
 a - a +0 robe (worn)
Scrolls
 c - a scroll of vulnerability {unknown}
 d - a scroll of identify {unknown}
Potions
 b - a potion of magic
 e - a potion of lignification {unknown}


   Skills:
 + Level 2.6 Dodging
 + Level 1.5 Stealth
 + Level 2.9 Spellcasting
 + Level 1.6 Conjurations
 + Level 3.8 Fire Magic


You had 5 spell levels left.
You knew the following spells:

 Your Spells              Type           Power      Damage    Failure   Level
a - Foxfire               Conj/Fire      44%        2x1d6     6%          1

Your spell library contained the following spells:

 Spells                   Type           Power      Damage    Failure   Level
 Scorch                   Fire           28%        2d6       6%          2
 Conjure Flame            Conj/Fire      11%        6-21      19%         3
 Inner Flame              Hex/Fire       8%         N/A       26%         3
 Flame Wave               Conj/Fire      11%        2d6       52%         4


Dungeon Overview and Level Annotations

Branches:
Dungeon (1/15) Zot: 437

Altars:

Shops:
D:1 *


Innate Abilities, Weirdness & Mutations

You passively map a small area around you.
You are easily found by Zot.
You glow in the dark.
You regain HP and MP as you explore.


Message History

Found a sling.
You now have 4 gold pieces.
A kobold comes into view. It is wielding a +0 dagger.
The kobold shouts!
Found a ring mail.
The kobold hits you with a +0 dagger.
You take 4 damage, and have 16/20 hp.
You conjure some foxfire!
The kobold hits you but does no damage.
You conjure some foxfire!
The kobold hits you with a +0 dagger.
You take 4 damage, and have 12/20 hp.
You now have 5/6 mp.
Casting: Foxfire (safe; 6% risk of failure)
Confirm with . or Enter, or press ? or * to list all spells.
You conjure some foxfire!
The foxfire hits the kobold.
The kobold is moderately wounded.
The foxfire hits the kobold.
You kill the kobold!
You now have 4/6 mp.
Your foxfire dissipates! x2
MP restored: 6
Found a stone.
Items here: )) †††.
You see here 6 stones.
Found a scale mail.
Health restored: 20 A bat comes into view.
Found a silvery potion.
The bat barely misses you. The bat closely misses you.
You conjure some foxfire!
The bat closely misses you. The bat misses you.
You now have 5/6 mp.
You conjure some foxfire!
The foxfire hits the bat.
The bat is heavily wounded.
The foxfire hits the bat but does no damage.
The bat is heavily wounded.
The bat completely misses you.
You now have 4/6 mp.
Your foxfire dissipates!
The foxfire hits the bat.
You kill the bat!
e - a silvery potion
Found a short sword.
Are you sure you want to abandon this character and quit the game? (Confirm with "yes".)

.###.#### ##...##
........#######.##
#.##.##.#...# #.#
#.##...#....# #.#
...#..#.....# #.#
...#.#......# #.#
.....#......# #.##
#...#......# #..#
#...#.....#.# ##@#
........##...# #.#
.#.#..##†....# #.#
#.#.#........# #.#
.#<#.......#.# #.#
#.#.#........# #.#
.#.#..##...... ).#
... ....##...#####
,,,#.....#..#


There were no monsters in sight!

Vanquished Creatures
  A bat (D:1)
  4 jackals (D:1)
  A ball python (D:1)
  2 goblins (D:1)
  A kobold (D:1)
  A rat (D:1)
10 creatures vanquished.

Vanquished Creatures (others)
  23 foxfires (D:1)
23 creatures vanquished.

Grand Total: 33 creatures vanquished

Notes
Turn   | Place    | Note
-------+----------+-------------------------------------------
     0 | D:1      | Ofeo the Meteoran Fire Elementalist began the quest for the
                  | Orb.
     0 | D:1      | Reached XP level 1. HP: 14/14 MP: 5/5
    24 | D:1      | Found Reshroel's General Store.
    43 | D:1      | Reached XP level 2. HP: 16/20 MP: 2/6
   163 | D:1      | Quit the game

Illustrated notes

Levels and vault maps discovered:
D:1:      spicycebolla_arrival_xxxplode, layout_loops_cross,
          basic_ecumenical_altar, serial_shops, shop, st_stairs_6

Action                   || total
-------------------------++-------
Melee: Unarmed           ||     2
 Cast: Foxfire           ||    14
Armor: Robe              ||     2
Dodge: Dodged            ||    14
